[Event "MCR rapid mládeže 2023 U16"]
[Site "Harachov, Czech Republic"]
[Date "2023.09.09"]
[Round "5.31"]
[White "Velim, Vojtech"]
[Black "Strihavka, Petr"]
[Result "1-0"]
[TimeControl "20min+5s/move"]
[WhiteElo "1799"]
[BlackElo "1205"]

1. Nf3 Nc6 2. d4 d5 3. c4 e6 4. Nc3 Nf6 5. Bg5 Bb4 6. e3 O-O 7. a3 Be7 8. Qc2 h6 9. Bf4 b6 10.
cxd5 exd5 11. Nb5 Qd7 12. Nxc7 Rb8 13. Bb5 Bb7 14. Ne5 Qxc7 15. Nxc6 Bd6 16. Bxd6 Qxd6 17. Nxb8 Rxb8 18. Bd3 Rc8 19.
Qd2 Ng4 20. h3 Nf6 21. O-O Ne4 22. Bxe4 dxe4 23. Rac1 Re8 24. Qe2 Re6 25. Rc3 Rg6 26. Rfc1 Qe6 27. Kh1 Bd5 28. Qa6 Qf6 29.
Qe2 Qg5 30. Qg4 Qf6 31. Qf4 Qe6 32. Qe5 Qxe5 33. dxe5 Re6 34. Rc8+ Kh7 35. R8c7 Rxe5 36. Rxa7 Rf5 37. Kg1 Rg5 38.
Ra6 Be6 39. Kh2 Rf5 40. Rc2 Rb5 41. b4 Bd5 42. Rb2 Kg6 43. a4 1-0

[Event "MCR rapid mládeže 2023 U16"]
[Site "Harachov, Czech Republic"]
[Date "2023.09.09"]
[Round "5.32"]
[White "Vo, Daniel"]
[Black "Kozusnik, Jan"]
[Result "1-0"]
[TimeControl "20min+5s/move"]
[WhiteElo "1445"]
[BlackElo "1399"]

1. e4 d5 2. exd5 Nf6 3. d4 Nxd5 4. c4 Nb6 5. Nc3 Bf5 6. Nf3 e6 7. Bf4 c5 8. Be2 Be7 9. O-O O-O 10.
Qd2 Nc6 11. d5 exd5 12. cxd5 Nb4 13. d6 Bf6 14. a3 Bxc3 15. bxc3 N4d5 16. Bg3 Qd7 17. c4 Nf6 18. Ne5 Qe6 19.
Rfe1 Ne4 20. Qb2 Nxg3 21. hxg3 Qxd6 22. Rad1 Qe6 23. Bf3 Rfe8 24. Nd3 Qxc4 25. Ne5 Qe6 26. Qc1 Rad8 27. Rxd8 Rxd8 28.
Nc6 Qf6 29. Nxd8 Qxd8 30. Qxc5 Bc8 31. Qe7 Qxe7 32. Rxe7 Kf8 33. Rc7 g6 34. Bxb7 Bxb7 35. Rxb7 Ke8 36. Rxa7 Nc4 37. Ra8+ Kd7 38. a4 h5 39. Ra7+ Ke6 40. a5 f5 41. a6 Kd6 42. Rg7 Nb6 43. Rxg6+ Kc7 44. a7 Kb7 45. Rxb6+ Kxa7 46.
Rh6 Kb7 47. Rxh5 Kc7 48. Rxf5 Kd7 49. g4 Ke7 50. g5 Ke6 51. Rf6+ Ke7 52. f4 Ke8 53. f5 Ke7 54. g4 Ke8 55. g6 Ke7 56.
Rf7+ Ke8 57. f6 Kd8 58. g7 Ke8 1-0

[Event "MCR rapid mládeže 2023 U16"]
[Site "Harachov, Czech Republic"]
[Date "2023.09.09"]
[Round "5.33"]
[White "Vorlik, Jachym"]
[Black "Bartak, Tobias"]
[Result "0-1"]
[TimeControl "20min+5s/move"]
[WhiteElo "1210"]
[BlackElo "1259"]

1. e4 c5 2. Nf3 Nc6 3. d4 cxd4 4. Nxd4 g6 5. Be3 Bg7 6. Nc3 Nf6 7. Be2 O-O 8. O-O d6 9. f3 a6 10.
Bc4 e5 11. Nde2 Qc7 12. Nd5 Nxd5 13. Bxd5 Bd7 14. Qd2 Ne7 15. c4 Bc6 16. Nc3 Nxd5 17. Nxd5 Bxd5 18. cxd5 Qd7 19. Rac1 f5 20.
Bb6 Rac8 21. Rc3 Rxc3 22. bxc3 fxe4 23. c4 exf3 24. Rxf3 Rxf3 25. gxf3 e4 26. fxe4 Qg4+ 27. Qg2 Qd1+ 28. Qf1 Bd4+ 29. Bxd4 Qxd4+ 30. Qf2 Qxc4 31. Qf6 Qc1+ 32. Kg2 Qd2+ 33. Kg3 Qe3+ 34. Qf3 Qxf3+ 35. Kxf3 Kf7 36. Kg4 b5 37. Kg5 a5 38. Kf4 Kf6 39. e5+ dxe5+ 40. Ke4 b4 41.
d6 Ke6 42. d7 Kxd7 43. Kxe5 Kc6 44.
Kd4 Kb5 45. Kd3 Ka4 46. Kc2 Ka3 47. Kb1 h5 48. h4 Ka4 49. Kb2 Kb5 50. Kb3 a4+ 51. Kc2 Kc4 52. Kb2 b3 53. Kb1 bxa2+ 54. Kxa2 Kd4 55. Ka3 Ke4 56.
Kxa4 Kf4 57. Kb3 Kg4 58. Kc2 Kxh4 59. Kd2 Kg3 60. Ke1 Kg2 61. Ke2 h4 62. Ke1 h3 63. Ke2 h2 64. Ke1 h1=Q+ 65. Ke2 Qf1+ 66. Ke3 Qf3+ 67. Kd4 Qe2 68. Kd5 Kf3 69. Kd4 Qe4+ 70. Kc5 Qd3 71. Kb4 Qc2 72. Kb5 Ke4 73. Kb4 Kd5 74.
Kb5 Qc5+ 75. Ka4 Qb6 76. Ka3 Kc4 77. Ka2 Kc3 78. Ka1 Qa5+ 79. Kb1 Qb4+ 80. Kc1 Qb2+ 81. Kd1 Qd2# 0-1

[Event "MCR rapid mládeže 2023 U16"]
[Site "Harachov, Czech Republic"]
[Date "2023.09.09"]
[Round "5.34"]
[White "Zeman, Jonas"]
[Black "Moravec, Rene"]
[Result "0-1"]
[TimeControl "20min+5s/move"]
[WhiteElo "1130"]
[BlackElo "1165"]

1. e4 c5 2. Nf3 Nc6 3. d4 cxd4 4. Nxd4 g6 5. Nc3 Bg7 6. Be3 Nf6 7. Be2 d6 8. Qd2 O-O 9. O-O-O a6 10.
f3 b5 11. h4 b4 12. Nd5 Ne5 13. h5 Nxh5 14. Rxh5 gxh5 15. g4 hxg4 16. fxg4 Ng6 17. Bh6 e6 18. Bg5 f6 19. Nf4 Nxf4 20.
Bxf4 e5 21. Bc4+ Kh8 22. Bh6 Qe7 23. Bd5 Bd7 24. Bxa8 Rxa8 25. Nf5 Bxf5 26. gxf5 Rc8 27. Bxg7+ Qxg7 28. Qxd6 Qc7 29. Qxf6+ Qg7 30.
Rd8+ Rxd8 31. Qxd8+ Qg8 32. Qxg8+ Kxg8 33. Kd2 Kf7 34. Ke3 Kf6 35. Kf3 a5 36. Kg4 a4 37. Kh5 Kf7 38. c3 a3 39. bxa3 bxc3 40. a4 c2 41. a5 c1=Q 42. a6 Qc6 43. a7 Qb7 44. Kh6 Qxa7 45. Kxh7 Kf6+ 0-1

[Event "MCR rapid mládeže 2023 U16"]
[Site "Harachov, Czech Republic"]
[Date "2023.09.09"]
[Round "5.35"]
[White "Dlouhy, Martin"]
[Black "Vydra, David"]
[Result "1/2-1/2"]
[TimeControl "20min+5s/move"]
[WhiteElo "1193"]
[BlackElo "1137"]

1. d4 Nf6 2. c4 e6 3.
Bg5 Bb4+ 4. Nc3 b6 5. e4 Be7 6. Bxf6 Bxf6 7. e5 Be7 8. Nf3 Bb7 9. Bd3 O-O 10. O-O d6 11. exd6 Bxd6 12.
Be4 Bxe4 13. Nxe4 Bf4 14. Qe2 Nc6 15. Rad1 Qe7 16. Rfe1 f5 17. Nc3 Rf6 18. d5 Nd8 19. g3 Bd6 20.
Nb5 f4 21. a3 fxg3 22. fxg3 Bc5+ 23. Kg2 a6 24. Nc3 Qf7 25. Ne4 Rh6 26. Nxc5 bxc5 27. Ng5 Qf5 28. Nxe6 Qh3+ 29. Kg1 Nxe6 30. dxe6 Re8 31. e7 Rxe7 32. Qxe7 Qxh2+ 33. Kf1 Rf6+ 34. Qxf6 gxf6 35. Rd3 Qh1+ 36. Ke2 Qe4+ 37. Kd2 Qxc4 38. Rd7 Kf8 39. Re3 Qb5 40. Rd8+ Kf7 41.
Red3 Qxb2+ 42. Ke3 Qe5+ 43. Kd2 Qb2+ 44. Ke3 Qe5+ 45. Kf2 Qf5+ 46. Kg2 Qe4+ 47. Rf3 Qe2+ 48. Rf2 Qe4+ 49. Kh3 Qh1+ 50. Rh2 Qf1+ 51. Kh4 Qc4+ 52.
g4 Qf4 1/2-1/2

[Event "MCR rapid mládeže 2023 U16"]
[Site "Harachov, Czech Republic"]
[Date "2023.09.09"]
[Round "5.36"]
[White "Bukovskij, Dmitri"]
[Black "Fadrny, Jonas"]
[Result "1-0"]
[TimeControl "20min+5s/move"]
[WhiteElo "1291"]
[BlackElo "1096"]

1. c4 e5 2. g3 c6 3. Bg2 Bc5 4.
e3 d6 5.
d4 exd4 6. exd4 Bb4+ 7. Bd2 Bxd2+ 8. Nxd2 Nf6 9. Ne2 Bf5 10. O-O O-O 11. Nf4 Nbd7 12. Qb3 Qb6 13. d5 Qxb3 14. axb3 cxd5 15.
Nxd5 Nxd5 16. Bxd5 Bh3 17. Rfe1 Nc5 18. Re7 Rae8 19. Ree1 Rxe1+ 20. Rxe1 b6 21. Re7 a5 22. Bg2 Bxg2 23.
Kxg2 g6 24. Ne4 Nxe4 25. Rxe4 Rd8 26.
Rd4 Kg7 27. Rd5 Kf6 28. Rb5 Rb8 29. b4 axb4 30. Rxb4 Ke5 31. Kf3 Kd4 32. b3 f5 33. Kf4 Kc5 34. Rb5+ Kc6 35. Kg5 Rf8 36.
Kh6 Rf7 37. Rd5 f4 38. b4 fxg3 39. fxg3 Ra7 40. b5+ Kc7 41. Rd4 Ra2 42. Kxh7 Rxh2 43. Kxg6 Rg2 44. Rd3 Rc2 45. Rd4 Rg2 46.
Rg4 Kd7 47. Kf5 Rf2+ 48. Rf4 Rg2 49. g4 Ke8 50. g5 Rh2 51. g6 Rh8 52. g7 Rg8 53. Kf6 d5 54. cxd5 Kd7 55. Rh4 Rc8 56.
Rh8 Rc4 57. g8=Q Rf4+ 58. Ke5 Rf5+ 59. Kxf5 Kc7 60. Qc8+ Kd6 61. Qc6+ Ke7 62. Rh7+ Kf8 63. Qc8# 1-0

[Event "MCR rapid mládeže 2023 U16"]
[Site "Harachov, Czech Republic"]
[Date "2023.09.09"]
[Round "5.37"]
[White "Najdkova, Laura"]
[Black "Martikanova, Amalie"]
[Result "0-1"]
[TimeControl "20min+5s/move"]
[WhiteElo "1331"]
[BlackElo "1107"]

1. e4 d5 2. exd5 Nf6 3.
d4 Nxd5 4. Nf3 Nc6 5. Bb5 Bd7 6. O-O a6 7. Ba4 e6 8. Nc3 Bd6 9. Re1 Nxc3 10. bxc3 O-O 11. Bxc6 Bxc6 12. Qd3 Re8 13.
Ng5 g6 14. Qh3 h5 15. Qe3 e5 16. Bd2 exd4 17. Qxd4 Be7 18. Qf4 Qd5 19. Qg3 Qxd2 20. Ne4 Bxe4 21. Rxe4 Qxc2 22. Rae1 h4 23.
Qe3 Rad8 24. Rxe7 Rxe7 25. Qxe7 Rd2 26. Qe8+ Kg7 27. Qe5+ Kh7 28. Qf4 Qxc3 29. Qxh4+ Kg7 30. Qe7 b6 0-1

[Event "MCR rapid mládeže 2023 U16"]
[Site "Harachov, Czech Republic"]
[Date "2023.09.09"]
[Round "5.38"]
[White "Hamernikova, Iris"]
[Black "Zadrapova, Gabriela"]
[Result "1-0"]
[TimeControl "20min+5s/move"]
[WhiteElo "1387"]
[BlackElo "1206"]

1. e4 e5 2. Nf3 Nc6 3. Nc3 Nf6 4. Bb5 Bb4 5. O-O d6 6. h3 O-O 7. d3 Be6 8. Bg5 a6 9. Ba4 b5 10.
Bb3 Nd4 11. Nxd4 exd4 12. Nd5 Ba5 13. Nxf6+ gxf6 14. Bh6 Re8 15. Bxe6 fxe6 16. Qg4+ 1-0

[Event "MCR rapid mládeže 2023 U16"]
[Site "Harachov, Czech Republic"]
[Date "2023.09.09"]
[Round "5.40"]
[White "Sengrova, Zofie"]
[Black "Vanickova, Natalie"]
[Result "0-1"]
[TimeControl "20min+5s/move"]
[WhiteElo "1124"]
[BlackElo "1162"]

1. e4 d5 2. exd5 Nf6 3. Nc3 Nxd5 4. Nxd5 Qxd5 5. c4 Qd8 6. Nf3 Nc6 7. d4 Bf5 8. h3 e6 9. Bd3 Nxd4 10.
Qa4+ c6 11. Nxd4 Bxd3 12. c5 Bxc5 13. Nb3 Bb6 14. g3 Qd5 15. Rh2 Qf3 16. Nd2 Qe2# 0-1

[Event "MCR rapid mládeže 2023 U16"]
[Site "Harachov, Czech Republic"]
[Date "2023.09.09"]
[Round "5.41"]
[White "Zidkova, Agnes"]
[Black "Tarielasvili, Kira"]
[Result "1-0"]
[TimeControl "20min+5s/move"]
[WhiteElo "1045"]
[BlackElo "1228"]

1. e4 e5 2. d4 f6 3. dxe5 fxe5 4. Nf3 Nc6 5. Nc3 Nf6 6. Bc4 Bc5 7. O-O d6 8. a3 Bg4 9. h3 Bh5 10.
b4 Bd4 11. Qd3 Bxf3 12. Qxf3 Qe7 13. Bb2 O-O-O 14. Nd1 Bxb2 15. Nxb2 Rhf8 16. Rad1 Nd7 17. Qd3 Nb6 18. Bd5 Nxd5 19.
Qxd5 Nd4 20. c3 Nc6 21. Rfe1 Qf6 22. f3 Rde8 23. Nc4 Re6 24. Re2 Qg6 25. b5 Nd8 26. Na5 b6 27. Nb3 h5 28.
Qc4 Nb7 29. Red2 Rd8 30. Rd5 Qg5 31. Kf2 Rg6 32. Qf1 Qg3+ 33. Kg1 Kb8 34. Qf2 Qxf2+ 35. Kxf2 Rf6 36. R1d3 g5 37. g3 g4 38.
hxg4 hxg4 39. Nd2 Rdf8 40. Ke2 gxf3+ 41. Nxf3 Rg8 42. Kf2 Kc8 43. Kg2 Kd7 44. Kf2 Ke6 45. Kg2 Kf7 46. Rd1 Ke7 47.
Rh1 Rfg6 48. Rh7+ R8g7 49. Rxg7+ Rxg7 50. Kh3 Rh7+ 51. Kg4 Rg7+ 52. Ng5 Kf6 53. Rd3 Rxg5+ 54. Kh4 Rg8 55. Rf3+ Ke6 56. g4 Rh8+ 57. Kg3 Nc5 58. g5 Rg8 59. Rf6+ Ke7 60.
Kg4 Nd7 61. Rh6 Kf7 62. Rh7+ Ke8 63. g6 Rxg6+ 64. Kf5 Rf6+ 65. Kg5 Rf1 66. Kg6 Rg1+ 67. Kf5 Rf1+ 68. Kg5 Kf8 69. Rxd7 Rg1+ 70. Kf6 Rf1+ 71. Ke6 c5 72. bxc6 Rc1 73. c7 Rxc3 74. Kf6 Rf3+ 75.
Ke6 Rc3 76. Rf7+ Kg8 77. Kf6 Rf3+ 78. Ke6 Rc3 79. Kf6 Rf3+ 80. Ke6 Rxf7 81. c8=Q+ Kg7 82. Qc2 Rf6+ 83. Kd5 b5 84. Qg2+ Kf7 85. Qg4 a5 86. Qd7+ Kg6 87. Qxb5 a4 88.
Qxa4 Kg5 89. Qd7 Kg6 90. a4 Rf2 91. a5 Ra2 92. Qxd6+ Kg5 93. a6 Rd2+ 94. Kxe5 Rxd6 95. Kxd6 Kf4 96.
a7 Kxe4 97. a8=Q+ Ke3 98. Qa4 Kd3 99. Kd5 Ke3 100. Qe4+ Kd2 101. Qf3 Kc2 102. Kc4 Kd2 103. Qd3+ Ke1 104. Qc2 Kf1 105. Kd3 Kg1 106. Ke3 Kh1 107.
Kf3 Kg1 108. Qg2# 1-0

[Event "MCR rapid mládeže 2023 U16"]
[Site "Harachov, Czech Republic"]
[Date "2023.09.09"]
[Round "6.1"]
[White "Juhanak, Daniel"]
[Black "Krajicek, Matej"]
[Result "1-0"]
[TimeControl "20min+5s/move"]
[WhiteElo "1878"]
[BlackElo "1565"]

1. c4 c5 2. Nf3 g6 3. Nc3 Bg7 4.
e3 Nc6 5. d4 cxd4 6. exd4 d6 7. d5 Ne5 8. Nxe5 Bxe5 9. Bd3 Bd7 10. O-O Qb6 11. Qe2 Bf6 12. Ne4 Bd4 13. Bf4 Kf8 14.
Rab1 Bf5 15. b4 Bxe4 16. Qxe4 Kg7 17. c5 dxc5 18. bxc5 Qf6 19. Rxb7 h6 20. c6 Qf5 1-0

[Event "MCR rapid mládeže 2023 U16"]
[Site "Harachov, Czech Republic"]
[Date "2023.09.09"]
[Round "6.2"]
[White "Jasso, Matej"]
[Black "Roubal, Matyas"]
[Result "1/2-1/2"]
[TimeControl "20min+5s/move"]
[WhiteElo "1794"]
[BlackElo "1911"]

1. e4 c5 2. Nf3 Nc6 3. d4 cxd4 4. Nxd4 g6 5. Be3 Bg7 6. Nc3 Nf6 7. Bc4 O-O 8. Bb3 Re8 9. f3 d5 10.
exd5 Nb4 11. Nde2 e6 12. Qd2 Nbxd5 13. O-O-O Bd7 14. Nxd5 Nxd5 15. Bxd5 exd5 16. Bd4 Bf8 17. Nc3 Bc6 18. h4 b5 19. h5 b4 20. Ne2 Qe7 21. Rde1 Rac8 22.
Nf4 Qg5 23. hxg6 fxg6 24. Ne6 Qxd2+ 25. Kxd2 h5 26. Nxf8 Kxf8 27. Bxa7 Kf7 28. Bc5 Ba4 29. Rxe8 Kxe8 30. Re1+ Kf7 31. Re7+ Kf6 32. Ra7 Bxc2 33. Bxb4 Bf5 34. Bc3+ Kg5 35. Ra4 Be6 36. Rd4 h4 37.
a4 Rf8 38. Bb4 Rf7 39. a5 h3 40.
gxh3 Rxf3 41. Be7+ Kh6 42. h4 Rf7 43. Bg5+ Kg7 44. b4 Ra7 45. Kc3 Kf7 46. Kb3 Ke8 47. Ka4 Kd7 48. b5 Kd6 49. Kb4 Bd7 50. Bf4+ Ke6 51. a6 Ra8 52. Ka5 Bc8 53. Kb6 Bd7 54.
Kb7 Rg8 55. a7 Bc8+ 56. Kb6 Bd7 57. Ra4 Ra8 58. Kb7 Bxb5 59. Kxa8 Bxa4 60. Kb7 Kd7 61. a8=Q Bc6+ 62. Ka7 Bxa8 63. Kxa8 Ke6 64. Kb7 Kf5 65. Bg5 Kg4 1/2-1/2

[Event "MCR rapid mládeže 2023 U16"]
[Site "Harachov, Czech Republic"]
[Date "2023.09.09"]
[Round "6.3"]
[White "Andrle, Filip"]
[Black "Svadlenka, Dominik"]
[Result "1-0"]
[TimeControl "20min+5s/move"]
[WhiteElo "1649"]
[BlackElo "1588"]

1. e4 c6 2. Nc3 d5 3. Nf3 dxe4 4. Nxe4 Nf6 5. Qe2 Nxe4 6. Qxe4 Nd7 7. Bc4 Nf6 8. Ne5 e6 9. Qe2 b5 10.
Bb3 Qc7 11. d4 a5 12. c3 Bd6 13. Bf4 O-O 14. O-O Ba6 15. Rfe1 a4 16. Bc2 h6 17. Qf3 c5 18. Bxh6 cxd4 19.
Bxg7 Bxe5 20. Rxe5 Nd7 21. Qg3 f5 22. Bf6+ 1-0

[Event "MCR rapid mládeže 2023 U16"]
[Site "Harachov, Czech Republic"]
[Date "2023.09.09"]
[Round "6.4"]
[White "Hrbek, Jachym"]
[Black "Setina, Vaclav"]
[Result "1/2-1/2"]
[TimeControl "20min+5s/move"]
[WhiteElo "1769"]
[BlackElo "1876"]

1. e4 c5 2. b4 cxb4 3. a3 bxa3 4. Bxa3 d6 5. d4 g6 6. f4 Bg7 7. Nf3 Nc6 8. c3 Nh6 9. Bd3 O-O 10.
O-O d5 11. Nbd2 dxe4 12. Nxe4 b6 13. Kh1 Bb7 14. Neg5 Qd7 15. Ne5 Nxe5 16. fxe5 Qc6 17. Be4 Qc7 18. Bxb7 Qxb7 19. Qb3 Nf5 20.
Rf3 h6 21. Nh3 Rfd8 22. Raf1 e6 23. Nf4 h5 24. d5 Rxd5 25. Nxd5 Qxd5 26. Qxd5 exd5 27. Rd1 Rd8 28. Bc1 1/2-1/2

[Event "MCR rapid mládeže 2023 U16"]
[Site "Harachov, Czech Republic"]
[Date "2023.09.09"]
[Round "6.5"]
[White "Sotek, Simon"]
[Black "Vana, Jan"]
[Result "1-0"]
[TimeControl "20min+5s/move"]
[WhiteElo "1526"]
[BlackElo "1681"]

1. Nf3 Nf6 2. Nc3 b6 3. e4 Bb7 4. e5 Ne4 5. Nxe4 Bxe4 6. Bc4 e6 7. d4 d6 8. O-O Be7 9. Re1 d5 10.
Bd3 Bg6 11. c3 O-O 12. Be3 c5 13. Qd2 c4 14. Bc2 Nc6 15. b3 b5 16. a4 cxb3 17. Bxg6 hxg6 18. axb5 Na5 19. Qd3 Qb6 20.
Bg5 Bd8 21. Bxd8 Qxd8 22. Ng5 Qxg5 23. Rxa5 Rfc8 24. Rb1 b2 25. Qc2 Qf5 26. Qxf5 gxf5 27. Ra3 Rc7 28. Rxb2 Rac8 29. Rbb3 Kf8 30. Kf1 Ke7 31. Ke2 Rh8 32. h3 g5 33. Ra5 Rhc8 34. Kd3 Rb7 35. Rba3 Rcc7 36. Rb3 Rc8 37. g3 Rh8 38.
Rba3 Rxh3 39. Rxa7 Rxa7 40. Rxa7+ Kd8 41. b6 f4 42. Ra8+ Kd7 43. b7 fxg3 44. fxg3 Rxg3+ 45. Kc2 Rg2+ 46. Kb3 Rg1 47. b8=Q Rb1+ 48.
Kc2 Rxb8 49. Rxb8 Ke7 50. Rb7+ Kf8 51. Kd3 Kg7 52. Ke3 Kg6 53. Kf3 f5 54. Re7 g4+ 55. Kf4 Kh5 56. Rxe6 g3 57. Kxf5 g2 58. Rg6 1-0

[Event "MCR rapid mládeže 2023 U16"]
[Site "Harachov, Czech Republic"]
[Date "2023.09.09"]
[Round "6.6"]
[White "Bludsky, Hynek"]
[Black "Martirosyan, David"]
[Result "1-0"]
[TimeControl "20min+5s/move"]
[WhiteElo "1547"]
[BlackElo "1861"]

1. e4 c5 2. Nf3 d6 3.
d4 cxd4 4. Nxd4 Nf6 5. Nc3 a6 6. h3 e5 7.
Nde2 h5 8. g3 Be6 9. Bg2 Be7 10.
O-O Nbd7 11. Be3 b5 12. a3 Qc7 13. f4 exf4 14. Nxf4 Bc4 15. Rf2 Ne5 16. Ncd5 Nxd5 17. exd5 b4 18.
axb4 h4 19. g4 Bb5 20. b3 Qc3 21. Bd2 Qd4 22. c3 Qb6 23. c4 Bd7 24. Bc3 Bf6 25. Nh5 Qe3 26. Nxf6+ gxf6 27. Qd2 Qg3 28.
Bxe5 1-0

[Event "MCR rapid mládeže 2023 U16"]
[Site "Harachov, Czech Republic"]
[Date "2023.09.09"]
[Round "6.7"]
[White "Popov, Roman"]
[Black "Srba, Daniel"]
[Result "1-0"]
[TimeControl "20min+5s/move"]
[WhiteElo "1751"]
[BlackElo "1259"]

1. d4 d5 2. c4 e6 3. Nc3 Nf6 4. cxd5 exd5 5. Bg5 c6 6. e3 Be7 7.
Bd3 O-O 8. Qc2 h6 9. Bh4 Nbd7 10.
Nge2 a6 11. O-O Re8 12. Rae1 Nb6 13. f3 Be6 14. e4 Nc4 15. Bf2 b5 16. e5 Nd7 17. f4 Ndb6 18. f5 Bc8 19. e6 f6 20.
Nf4 Bd6 21. Nh5 Ra7 22. Qe2 Rf8 23. Bg3 Re7 24. Bxd6 Nxd6 25. Nf4 Rfe8 26. Qf2 Nbc4 27. b3 Nb6 28. Be2 b4 29. Nb1 Ne4 30.
Qe3 a5 31. Bh5 Ba6 32. Rf3 Ng5 33. Rf2 Ne4 34. Rc2 Bb5 35. Bxe8 Qxe8 36. Nd2 Nc3 37. Ng6 Ra7 38. e7 Rd7 39.
Qe6+ 1-0

[Event "MCR rapid mládeže 2023 U16"]
[Site "Harachov, Czech Republic"]
[Date "2023.09.09"]
[Round "6.8"]
[White "Zrubek, Dan"]
[Black "Babula, Matej"]
[Result "1/2-1/2"]
[TimeControl "20min+5s/move"]
[WhiteElo "1571"]
[BlackElo "1865"]

1. e4 c5 2. Nf3 e6 3. d4 cxd4 4. Nxd4 a6 5. Bd3 Bc5 6.
Nb3 Ba7 7. Qe2 Nc6 8. Be3 Bxe3 9. Qxe3 Nge7 10. Nc3 O-O 11. O-O d5 12. exd5 Nxd5 13. Nxd5 Qxd5 14. Rad1 Qh5 1/2-1/2

[Event "MCR rapid mládeže 2023 U16"]
[Site "Harachov, Czech Republic"]
[Date "2023.09.09"]
[Round "6.9"]
[White "Barteckova, Valerie"]
[Black "Bartova, Hana"]
[Result "0-1"]
[TimeControl "20min+5s/move"]
[WhiteElo "1498"]
[BlackElo "1389"]

1. d4 d6 2. Nf3 Nd7 3. Bf4 g6 4. c3 Bg7 5. e3 e5 6. Bg3 Ne7 7. Bd3 Nc6 8. Nbd2 d5 9. dxe5 Ndxe5 10. Nxe5 Nxe5 11. Bxe5 Bxe5 12. Nf3 Bg7 13. h3 Qd6 14. Qe2 Bd7 15. Nd4 a6 16. Qf3 c5 17. Nc2 Bc6 18. Rd1 Qe6 19.
Qe2 c4 20. Nd4 Bxd4 21. exd4 cxd3 22. Qxe6+ fxe6 23. Rxd3 Bb5 24. Re3 Kd7 25. Kd2 Rae8 26. Rhe1 Re7 27. Re5 Rf8 28. f3 Rf5 29.
Rxf5 exf5 30. Re5 Rxe5 31. dxe5 Ke6 32. f4 Bf1 33. g3 Bxh3 34. Ke2 g5 35. Kf3 Bg4+ 36. Ke3 gxf4+ 37. gxf4 h5 38. Kf2 h4 39. Kg2 a5 40. a3 b5 41. b4 axb4 42. axb4 d4 43. cxd4 Kd5 44. Kh2 Kxd4 45. e6 Ke4 46. e7 Bh5 47. Kh3 Kxf4 48. Kxh4 Be8 49. Kh3 Ke3 50. Kg3 f4 51. Kg2 Ke2 0-1

[Event "MCR rapid mládeže 2023 U16"]
[Site "Harachov, Czech Republic"]
[Date "2023.09.09"]
[Round "6.10"]
[White "Horkova, Tereza"]
[Black "Kammova, Katerina"]
[Result "1-0"]
[TimeControl "20min+5s/move"]
[WhiteElo "1720"]
[BlackElo "1393"]

1. e4 e6 2. d4 d5 3. e5 c5 4. c3 Nc6 5. Nf3 Bd7 6. Be2 Rc8 7. O-O Nge7 8.
Na3 Nf5 9. Nc2 cxd4 10. cxd4 Nb4 11. Nxb4 Bxb4 12. Bd2 Qb6 13. Be3 Nxe3 14. fxe3 h6 15. Qd3 a6 16. Rac1 Rc6 17. Nh4 Be7 18.
Rxc6 Bxc6 19. Ng6 Rg8 20. Nxe7 Kxe7 21. Qa3+ Ke8 22. Qd6 Qd8 23. Qxd8+ Kxd8 24. Rxf7 Ke8 25. Rf1 Ke7 26. Bh5 g6 27.
Bg4 Be8 28. Rc1 Bc6 29. Kf2 Rf8+ 30. Ke2 Bb5+ 31. Kd1 Bc6 32. Bf3 Kd7 33. a3 Ba4+ 34. Kd2 Bc6 35. b4 b5 36. Rf1 Ke7 37.
Be2 Rf5 38. Rxf5 exf5 39. Bd3 Ke6 40. Ke2 Be8 41. Kf3 Bf7 42. g4 Be8 43. gxf5+ gxf5 44. Kf4 Bf7 45. Bxf5+ Ke7 46. Bc8 Bg6 47. Bxa6 1-0

[Event "MCR rapid mládeže 2023 U16"]
[Site "Harachov, Czech Republic"]
[Date "2023.09.09"]
[Round "6.11"]
[White "Mikesova, Lenka"]
[Black "Buchtova, Viktorie"]
[Result "1/2-1/2"]
[TimeControl "20min+5s/move"]
[WhiteElo "1410"]
[BlackElo "1556"]

1. e4 c5 2. Nf3 Nc6 3. d4 cxd4 4.
Nxd4 g6 5. Nc3 Bg7 6. Be3 Nf6 7.
Bc4 O-O 8. Bb3 d6 9. f3 Bd7 10. Qd2 Ne5 11. O-O-O Rb8 12. g4 b5 13. h4 Nc4 14. Bxc4 bxc4 15. Kb1 Qb6 16. Qc1 Qb4 17.
Bd2 Qc5 18. Be3 Qb4 19. Bd2 Qb7 20. Be3 a5 21. Ka1 a4 22. a3 h5 23. gxh5 Nxh5 24. Na2 Kh7 25. Nb4 Rbc8 1/2-1/2

[Event "MCR rapid mládeže 2023 U16"]
[Site "Harachov, Czech Republic"]
[Date "2023.09.09"]
[Round "6.12"]
[White "Nguyen, Nhat Minh Thu"]
[Black "Slivova, Linda"]
[Result "1-0"]
[TimeControl "20min+5s/move"]
[WhiteElo "1405"]
[BlackElo "1386"]

1. e4 d5 2. exd5 Qxd5 3. d4 Nf6 4. Be3 c6 5. c4 Qd6 6. Nc3 Bf5 7. h3 e6 8. Nf3 Nbd7 9. Be2 Be7 10.
Qd2 O-O 11. O-O Qc7 12. Bd3 Bxd3 13. Qxd3 Rad8 14. Qc2 e5 15. Rfe1 exd4 16. Bxd4 Rfe8 17. Ne5 c5 18. Nxd7 cxd4 19.
Nxf6+ Bxf6 20. Ne4 Be5 21. Qd3 Re6 22. Rad1 Rg6 23. Nc3 Rc8 24. Nd5 Qd6 25. b3 b5 26. Re2 bxc4 27. bxc4 h6 28. Rde1 Re6 29. Re4 Rce8 30.
a4 Qc6 31. Qc2 Bb8 32. Rxe6 Rxe6 33. Rxe6 Qxe6 34. Qd2 Be5 35. f4 Bf6 36. Nxf6+ Qxf6 37. c5 Qd8 38. Kh1 Qd5 39. c6 Qxc6 40. Qxd4 Qxa4 41. Qxa4 1-0

[Event "MCR rapid mládeže 2023 U16"]
[Site "Harachov, Czech Republic"]
[Date "2023.09.09"]
[Round "6.13"]
[White "Kovarova, Karolina"]
[Black "Dorazilova, Kristyna"]
[Result "1-0"]
[TimeControl "20min+5s/move"]
[WhiteElo "1006"]
[BlackElo "1517"]

1. e4 d6 2. Nf3 Nf6 3. Nc3 Nbd7 4. Bc4 h6 5. d3 e5 6. Be3 Be7 7. O-O c6 8. d4 Qc7 9. dxe5 dxe5 10.
Nd2 g5 11. Qf3 Nf8 12. Bc5 g4 13. Qe3 Bxc5 14. Qxc5 Ng6 15. Nb5 Qe7 16. Nd6+ Kd7 17. Nb3 b6 18. Qb4 c5 19. Qb5+ Kxd6 20.
Rfd1+ Kc7 21. Na5 Bd7 22. Qa6 bxa5 23. Qxa5+ Kb8 24. c3 Bc6 25. Qa3 Bb7 26. b4 cxb4 27. cxb4 Rd8 28. Rdc1 Rc8 29. Rc3 Nxe4 30. Rcc1 Nd6 31.
Bd3 Rxc1+ 32. Rxc1 Qd7 33. b5 Nxb5 34. Qb3 Nd4 35. Qd1 Qe7 36. Rb1 Kc8 37. Qc1+ Kd8 38. Qb2 Rb8 39. Qd2 Qc7 40.
Rc1 Qb6 41. Kh1 Ke7 42. Re1 1-0

[Event "MCR rapid mládeže 2023 U16"]
[Site "Harachov, Czech Republic"]
[Date "2023.09.09"]
[Round "6.14"]
[White "Kaplanova, Dominika"]
[Black "Kubatova, Beta"]
[Result "1/2-1/2"]
[TimeControl "20min+5s/move"]
[WhiteElo "1461"]
[BlackElo "1376"]

1. e4 c6 2. d4 d5 3. Nd2 dxe4 4. Nxe4 Bf5 5. Ng3 Bg6 6. Nf3 Nf6 7. c3 Nbd7 8. Bd3 Bxd3 9. Qxd3 e6 10.
Bg5 Qc7 11. O-O Bd6 12. Rfe1 O-O 13. Bxf6 Nxf6 14. Ne4 Be7 15. h3 Rad8 16. Qc2 Qb6 17. Nfg5 Nxe4 18. Nxe4 h6 19. Ng3 c5 20. dxc5 Qxc5 21. Re2 Rd7 22. Rd1 Rfd8 23. Rxd7 Rxd7 24.
Rd2 Rxd2 25. Qxd2 Qd6 26. Ne4 Qxd2 27. Nxd2 Kf8 28. Nc4 b6 29. Ne5 Bc5 30. Nd7+ Ke7 31. Nxc5 bxc5 32. Kf1 Kd6 33.
Ke2 f5 34. b4 a6 35. f4 Kd5 36. Kd3 g5 37. g3 cxb4 38. cxb4 e5 39. fxe5 Kxe5 40. Ke3 Kd5 41. a4 Kc4 42.
b5 axb5 43. axb5 Kxb5 44. Kd4 f4 45. gxf4 gxf4 46. Ke4 f3 47. Kxf3 Kc5 48. Kf4 Kd6 49. Kf5 Ke7 50. Kg6 Kf8 51. Kxh6 Kg8 52. h4 Kh8 53. Kg6 Kg8 54.
h5 Kh8 55. h6 Kg8 56. h7+ Kh8 57. Kf5 Kxh7 1/2-1/2

[Event "MCR rapid mládeže 2023 U16"]
[Site "Harachov, Czech Republic"]
[Date "2023.09.09"]
[Round "6.15"]
[White "Sochor, Antonin"]
[Black "Mik, Tomas"]
[Result "0-1"]
[TimeControl "20min+5s/move"]
[WhiteElo "1480"]
[BlackElo "1802"]

1. Nf3 Nf6 2. g3 g6 3. Bg2 Bg7 4. O-O O-O 5. d3 c5 6. e4 d6 7. Nc3 Nc6 8. Be3 Qc7 9. Qd2 Rd8 10. Bh6 Bh8 11. Nd5 Nxd5 12.
exd5 Ne5 13. Nxe5 Bxe5 14. c4 a6 15. Rab1 b5 16. b3 Bd7 17. Be3 Bf5 18. d4 cxd4 19. Bxd4 Bxd4 20. Qxd4 Bxb1 21.
Rxb1 bxc4 22. bxc4 Rab8 23. Rc1 Qc5 24. Qe4 Rb2 25. Rf1 Rd7 26. Qg4 Rc7 27. Rc1 Qxf2+ 28. Kh1 Qxg2# 0-1

[Event "MCR rapid mládeže 2023 U16"]
[Site "Harachov, Czech Republic"]
[Date "2023.09.09"]
[Round "6.16"]
[White "Svadlenka, Michal"]
[Black "Tejnor, Martin"]
[Result "1-0"]
[TimeControl "20min+5s/move"]
[WhiteElo "1451"]
[BlackElo "1434"]

1. e4 c5 2. Nf3 d6 3. d4 cxd4 4. Nxd4 Nf6 5. Nc3 Nc6 6. Be3 e6 7. f3 Be7 8. Qd2 a6 9. O-O-O Qc7 10. g4 O-O 11. h4 b5 12. h5 Bb7 13.
g5 Nd7 14. g6 Nxd4 15. gxh7+ Kxh7 16. Bxd4 Rac8 17. Bd3 e5 18. Be3 Nc5 19. Rdg1 Nxd3+ 20. Qxd3 b4 21. Nb1 a5 22. Qd2 a4 23.
Rh2 b3 24. axb3 axb3 25. c3 Rg8 26. Rhg2 Bf8 27. Bg5 Be7 28. Rd1 Rcd8 29. Na3 Ba6 30. f4 Kh8 31. f5 Kh7 32. h6 g6 33.
fxg6+ fxg6 34. Rf2 Bxg5 35. Qxg5 Rgf8 36. Rf6 Rxf6 37. Qxf6 Rd7 38. Rg1 Qd8 39. Qxg6+ Kh8 40. h7 Rxh7 41. Qe6 Qf8 42. Qxb3 Qf4+ 43.
Kb1 Qxe4+ 44. Ka2 d5 45. Qb8+ 1-0